 Dungeon Crawl Stone Soup version 0.16-a0-2652-gd333f3b (webtiles) character file.

870 PolkaDot the Caller (level 7, -3/54 HPs)
             Began as a Vampire Summoner on Nov 23, 2014.
             Slain by a gnoll
             ... wielding a +0 club
              (5 damage)
             ... on level 5 of the Dungeon.
             The game lasted 00:19:04 (5611 turns).

PolkaDot the Caller (Vampire Summoner)              Turns: 5611, Time: 00:19:04

Health: -3/54      AC:  4    Str:  7    XL:     7   Next: 73%
Magic:  10/12      EV: 12    Int: 19    God:
Gold:   223        SH:  0    Dex: 14    Spells: 4 memorised, 0 levels left

rFire  . . .     SeeInvis +     b - +0 shortbow
rCold  . . .     Clarity  .     s - +2 robe {MR+}
rNeg   . . .     SustAb   .     (no shield)
rPois  .         Gourm    .     (no helmet)
rElec  .         Spirit   .     (no cloak)
rCorr  .         Warding  .     (no gloves)
rMut   .         Stasis   .     (no boots)
MR     +....                    (no amulet)
Stlth  ++........               (no ring)
                                (no ring)

@: lethally poisoned, regenerating quickly, somewhat resistant to hostile
enchantments, unstealthy
A: bottle blood, fangs 3, see invisible, unbreathing
a: no special abilities


You were on level 5 of the Dungeon.
You were very full.

You visited 1 branch of the dungeon, and saw 5 of its levels.

You collected 223 gold pieces.

Inventory:

Hand weapons
 a - a +4 short sword
 b - a +0 shortbow (weapon)
Missiles
 r - 5 arrows (quivered)
Armour
 s - a +2 robe of magic resistance (worn)
Magical devices
 m - a wand of invisibility (2)
Scrolls
 c - a scroll of enchant armour {unknown}
 d - 5 scrolls of identify
 e - a scroll of noise {unknown}
 g - 2 scrolls of remove curse
 k - 2 scrolls of magic mapping
 l - 2 scrolls of teleportation
 n - a scroll of recharging {unknown}
 o - a scroll of blinking {unknown}
Potions
 f - 6 potions of blood {@*1}
 j - a potion of restore abilities
Books
 q - a book of Callings

   Spells                             Type                      Level
   *Summon Small Mammal               Summoning                    1
   *Call Imp                          Summoning                    2
   *Call Canine Familiar              Summoning                    3
   Summon Guardian Golem              Hexes/Summoning              4
   Summon Lightning Spire             Summoning/Air                4
   *Summon Ice Beast                  Ice/Summoning                4


   Skills:
 + Level 4.2 Fighting
 - Level 4.4 Armour
 - Level 2.1 Dodging
 - Level 3.0 Stealth
 - Level 2.0 Spellcasting
 * Level 6.2 Summonings


You couldn't memorise any spells.
You knew the following spells:

 Your Spells              Type           Power        Failure   Level  Hunger
a - Summon Small Mammal   Summ           ####         1%          1    #......
d - Call Canine Familiar  Summ           ####....     4%          3    ###....
i - Summon Ice Beast      Ice/Summ       ##......     50%         4    #####..
s - Call Imp              Summ           ####....     1%          2    ###....


Dungeon Overview and Level Annotations

Branches:
Dungeon (5/15)
 Temple: D:4-7

Altars:
Cheibriados
Dithmenos
Gozag
Okawaru
Xom

Annotations:
D:5 Prince Ribbit


Innate Abilities, Weirdness & Mutations

Your natural rate of healing is unusually fast.
You can bottle blood from corpses.
You have razor-sharp teeth.
You have supernaturally acute eyesight.
You can survive without breathing.


Message History

The gnoll closely misses your hound.
Firing (i - inventory):
r - 7 arrows (quivered)
Press: ? - help, Shift-Dir - straight line, f/p - gnoll
Aim: a gnoll, wielding a flail (almost dead)
You shoot an arrow. The arrow closely misses the gnoll.
Your hound looks more healthy.
The gnoll hits you with a club.
* * * LOW HITPOINT WARNING * * *
The gnoll barely misses your hound.
Firing (i - inventory):
r - 6 arrows (quivered)
Press: ? - help, Shift-Dir - straight line, f/p - gnoll
Aim: a gnoll, wielding a flail (almost dead)
You shoot an arrow. The arrow hits the gnoll!
You kill the gnoll!
The gnoll hits you with a club.
* * * LOW HITPOINT WARNING * * *
You feel sick.
Your hound disappears in a puff of smoke!
The gnoll hits you with a club.
You die...

... #.##...h
#....#. #.##....
#....#.#..
#.##.###
#....#.....
#.##....
#....#......
..######
#....#....##.#..
#....#....'(.###
#....#....###
#...@.g...'...
#...g.....###
#...)(....#
#....ยง##########
#....(.........#
#(....)........#
###+#..........#
#####+#....#######
#..........# #..


You could see a gnoll and a goblin.

Vanquished Creatures
  Grinder (D:3)
  A vampire bat (D:3)
  2 hounds (D:4)
  A crimson imp (D:5)
  An orc wizard (D:3)
  A giant frog skeleton (D:4)
  A worker ant (D:4)
  An iguana (D:5)
  A killer bee zombie (D:4)
  2 gnolls
  2 adders (D:3)
  3 fire bats (D:3)
  2 giant geckos
  2 oozes
  5 orcs
  2 spectral bats (D:3)
  2 ball pythons
  3 bat skeletons (D:3)
  A bat zombie (D:3)
  3 giant cockroaches
  9 goblins
  7 hobgoblins
  16 kobolds
  2 quokkas
  18 bats
  6 giant newts
  10 rats
105 creatures vanquished.

Vanquished Creatures (collateral kills)
  A water moccasin (D:4)
  A centaur (D:5)
  Sigmund (D:5)
  2 orc wizards (D:3)
  A worker ant (D:4)
  4 gnolls
  A worm (D:2)
  2 giant geckos
  An ooze (D:2)
  4 orcs
  4 hobgoblins
  A bat (D:5)
  A bat simulacrum (D:3)
  A giant newt (D:5)
  A goblin (D:2)
  3 kobolds (D:1)
29 creatures vanquished.

Vanquished Creatures (others)
  A wolf (D:5)
  2 crimson imps
  6 hounds
  A shadow imp (D:3)
  3 white imps
  A quokka (D:1)
  2 rats (D:1)
16 creatures vanquished.

Grand Total: 150 creatures vanquished

Notes
Turn   | Place    | Note
--------------------------------------------------------------
     0 | D:1      | PolkaDot, the Vampire Summoner, began the quest for the Orb.
     0 | D:1      | Reached XP level 1. HP: 13/13 MP: 3/3
   116 | D:1      | Reached skill level 1 in Fighting
   239 | D:1      | Reached XP level 2. HP: 19/21 MP: 0/4
   478 | D:1      | Learned a level 2 spell: Call Imp
   926 | D:1      | HP: 1/21 [gnoll/flail (13)]
   945 | D:1      | Reached skill level 1 in Armour
   990 | D:1      | Reached XP level 3. HP: 26/26 MP: 6/6
  1174 | D:2      | Learned a level 3 spell: Call Canine Familiar
  1310 | D:2      | Found an iron altar of Okawaru.
  1743 | D:2      | Found an opulent altar of Gozag.
  2306 | D:3      | Reached XP level 4. HP: 22/32 MP: 7/7
  2317 | D:3      | Found a shimmering altar of Xom.
  2335 | D:3      | Noticed Grinder
  2354 | D:3      | Paralysed by Grinder for 4 turns
  2379 | D:3      | Killed Grinder
  2379 | D:3      | Reached skill level 5 in Summonings
  2379 | D:3      | Reached XP level 5. HP: 28/37 MP: 5/9
  2618 | D:3      | Reached XP level 6. HP: 36/43 MP: 10/10
  2789 | D:3      | Found a snail-covered altar of Cheibriados.
  2985 | D:3      | Found a shadowy altar of Dithmenos.
  3903 | D:4      | Reached XP level 7. HP: 14/50 MP: 4/12
  5117 | D:4      | Learned a level 4 spell: Summon Ice Beast
  5154 | D:5      | Entered Level 5 of the Dungeon
  5250 | D:5      | Reached skill level 6 in Summonings
  5334 | D:5      | Noticed Sigmund
  5345 | D:5      | Killed Sigmund
  5398 | D:5      | Noticed Prince Ribbit
  5611 | D:5      | HP: 2/54 [poisoned by a gnoll]
  5611 | D:5      | Slain by a gnoll

Action                   |  1- 3 |  4- 6 |  7- 9 || total
-------------------------+-------+-------+-------++-------
Melee: Dagger            |   219 |       |       ||   219
       Short sword       |    12 |   178 |    68 ||   258
 Fire: Shortbow          |       |       |    15 ||    15
 Cast: Summon Small Mamm |    16 |       |       ||    16
       Call Imp          |     2 |     9 |    15 ||    26
       Call Canine Famil |     2 |     8 |     8 ||    18
Evoke: Wand              |       |       |     1 ||     1
  Use: Potion            |    14 |    12 |    15 ||    41
       Scroll            |     4 |     1 |     1 ||     6
 Stab: Sleeping          |     4 |     2 |     1 ||     7
       Distracted        |       |       |     2 ||     2
  Eat: Corpse            |    12 |     5 |       ||    17
